 Dungeon Sprint DCSS version 0.27-a0-1334-g2746e35aca (console) character file.

Game seed: 15517654621855960457

2218 Hector the Cleaver (level 9, -30/63 HPs)
             Began as a Gargoyle Fighter on June 26, 2021.
             Killed from afar by a crystal guardian (47 damage)
             ... with a crystal bolt
             ... in the Dungeon (Sprint II: "The Violet Keep of Menkaure").
             The game lasted 00:05:43 (593 turns).

Hector the Cleaver (Gargoyle Fighter)                Turns: 593, Time: 00:05:44

Health: -30/63     AC: 15    Str: 23    XL:     9   Next: 35%
Magic:  9/9        EV: 10    Int:  9    God:
Gold:   486        SH: 12    Dex:  9    Spells: 8/8 levels left

rFire    . . .     SeeInvis .   a - +0 war axe
rCold    . . .     Faith    .   c - +0 kite shield
rNeg     + . .     Spirit   .   b - +0 scale mail
rPois    ∞         Reflect  .   (no helmet)
rElec    +         Harm     .   (no cloak)
rCorr    .         Rampage  .   (no gloves)
Will     .....     NoTele   +   (no boots)
Stlth    ..........             (no amulet)
HPRegen  0.20/turn              (no ring)
MPRegen  0.11/turn              (no ring)

@: no status effects
A: sickness immunity, AC +6, negative energy resistance 1, electricity
resistance, torment resistance 1, petrification resistance
a: no special abilities


You were in the Dungeon.
You visited 1 branch You collected 486 gold pieces.

Inventory:

Hand Weapons
 a - a +0 war axe (weapon)
Armour
 b - a +0 scale mail (worn)
 c - a +0 kite shield (worn)
Scrolls
 j - a scroll of blinking
Potions
 e - a potion of curing
 h - 2 potions of magic


   Skills:
 + Level 10.4 Fighting
 * Level 12.3 Axes
 + Level 9.8 Armour
 + Level 2.4 Dodging
 + Level 10.8 Shields


You had 8 spell levels left.
You didn't know any spells.
Your spell library was empty.

Dungeon Overview and Level Annotations

Branches:
Dungeon (1/1)

Altars:
Cheibriados
Dithmenos
Elyvilon
Fedhas
Hepliaklqana
Kikubaaqudgha
Makhleb
Nemelex Xobeh
Qazlal
Ru
Sif Muna
Trog
Uskayaw
Vehumet
Wu Jian
Xom
Yredelemnul
Zin
The Shining One
Jiyva
Lugonu

Shops:
D ::[:?=?*[(*!![=

Annotations:
D exclusion: oklob plant


Innate Abilities, Weirdness & Mutations

You are immune to sickness and miasma.
Your stone body is resilient. (AC +6)
You are immune to poison.
You resist negative energy. (rN+)
You are resistant to electric shocks. (rElec)
You are resistant to unholy torment.
You are immune to petrification.


Message History

The death drake bites you but does no damage.
You hit the death drake.
The death drake is heavily wounded.
The death drake closely misses you.
You barely miss the death drake.
The death drake is heavily wounded.
The death drake bites you but does no damage.
You hit the death drake.
The death drake is heavily wounded.
You block the death drake's attack.
The death drake bites you but does no damage.
You slash the death drake!
The death drake is severely wounded.
The death drake misses you.
You closely miss the death drake.
The death drake is severely wounded.
The death drake bites you.
You slice the death drake!!
The death drake is almost dead.
You block the death drake's attack.
You miss the death drake.
The death drake is almost dead.
The death drake bites you.
* * * LOW HITPOINT WARNING * * *
The death drake bites you but does no damage.
You hit the death drake but do no damage.
The death drake is almost dead.
You block the death drake's attack.
You slash the death drake!
You kill the death drake!
Your Axes skill increases to level 12!
Your Dodging skill increases to level 2!
You hit the crystal guardian but do no damage.
The crystal guardian hits you but does no damage.
You hit the crystal guardian.
The crystal guardian is lightly damaged.
The crystal guardian fires a crystalline bolt at you.
The crystal bolt burns you!!!
Ouch! That really hurt!
You die... ....○..## °°8○○○..# .°°○○.. ... ○.○○. ..^ ++#+++## ... ## .......# .. .# ##+##..# #. k# #. .##.#### +.##8# .. ..#....# #..@# B#B

###..#####..#
#+###.##..#D$+..#
##.##...#..# #..# #
'.<.†##.+..####..##.#
##.##...#....###...##▓▓
##'###.##......≈≈≈○≈≈≈≈≈
#.#.####≈§§....≈#+######
.###.#≈≈≈≈≈≈≈..≈#..._._.


You could see a crystal guardian and a swamp drake.

Vanquished Creatures
  2 death drakes (D)
  2 wyverns (D)
  Menkaure (D)
  2 water moccasins (D)
  4 necrophages (D)
  4 scorpions (D)
15 creatures vanquished.

Notes
Turn   | Place    | Note
-------+----------+-------------------------------------------
     0 | D        | Hector the Gargoyle Fighter began the quest for the Orb.
     0 | D        | Reached XP level 1. HP: 14/14 MP: 1/1
     1 | D        | Noticed a scorpion
     1 | D        | Noticed a scorpion
     6 | D        | Killed a scorpion
     7 | D        | Reached skill level 5 in Fighting
     7 | D        | Reached skill level 3 in Axes
     7 | D        | Reached skill level 5 in Armour
     7 | D        | Reached skill level 5 in Shields
     7 | D        | Reached XP level 2. HP: 21/21 MP: 2/2
     7 | D        | Reached XP level 3. HP: 26/26 MP: 3/3
    11 | D        | Killed a scorpion
    12 | D        | Reached skill level 4 in Axes
    12 | D        | Reached XP level 4. HP: 32/32 MP: 4/4
    53 | D        | Noticed a scorpion
    53 | D        | Noticed a scorpion
    56 | D        | Killed a scorpion
    57 | D        | Reached skill level 5 in Axes
    57 | D        | Reached XP level 5. HP: 37/37 MP: 5/5
    59 | D        | Reached XP level 6. HP: 44/44 MP: 6/6
    68 | D        | Noticed a boulder beetle
    68 | D        | Noticed a boulder beetle
    72 | D        | Noticed a wyvern
    72 | D        | Noticed a wyvern
    85 | D        | Killed a wyvern
    86 | D        | Reached skill level 6 in Axes
    87 | D        | Noticed Menkaure
    90 | D        | Killed a wyvern
    91 | D        | Reached skill level 7 in Axes
    91 | D        | Reached XP level 7. HP: 33/50 MP: 7/7
    98 | D        | Killed Menkaure
    99 | D        | Reached skill level 8 in Axes
   330 | D        | Reached skill level 9 in Axes
   333 | D        | Reached XP level 8. HP: 56/56 MP: 8/8
   352 | D        | Found Mouqoiti's Distillery.
   352 | D        | Found Feeduap's Antique Armour Shoppe.
   352 | D        | Found Qiytudamn's General Store.
   352 | D        | Found Vuowk's General Store.
   352 | D        | Found Icungea's Distillery.
   352 | D        | Found Lesidgh's Antique Armour Shoppe.
   352 | D        | Found Munluc's Antique Weapon Shoppe.
   352 | D        | Found Ismemiuvi's Magic Scroll Emporium.
   353 | D        | Found Suletril's Jewellery Shoppe.
   353 | D        | Found Kuqeales's Magic Scroll Emporium.
   354 | D        | Found Mateepn's Jewellery Emporium.
   354 | D        | Noticed a cane toad
   354 | D        | Noticed a cane toad
   355 | D        | Found Naenkaun's Book Shoppe.
   355 | D        | Found Xavis's Antique Armour Emporium.
   355 | D        | Noticed an oklob plant
   356 | D        | Found Qeuskos's Book Shoppe.
   356 | D        | Found Deixyen's Book Shoppe.
   357 | D        | Noticed a death yak
   364 | D        | Reached skill level 10 in Axes
   381 | D        | Noticed a great orb of eyes
   398 | D        | Noticed an ice statue
   414 | D        | Found a glowing golden altar of the Shining One.
   414 | D        | Found an ornate altar of the Wu Jian Council.
   415 | D        | Found a shimmering altar of Xom.
   415 | D        | Found a sacrificial altar of Ru.
   416 | D        | Found a basalt altar of Yredelemnul.
   416 | D        | Found a shimmering blue altar of Sif Muna.
   416 | D        | Found a stormy altar of Qazlal.
   416 | D        | Found a viscous altar of Jiyva.
   417 | D        | Found a glowing silver altar of Zin.
   417 | D        | Found a bloodstained altar of Trog.
   417 | D        | Found an ancient bone altar of Kikubaaqudgha.
   417 | D        | Found a hazy altar of Hepliaklqana.
   417 | D        | Found a snail-covered altar of Cheibriados.
   418 | D        | Found a hide-covered altar of Uskayaw.
   418 | D        | Found a corrupted altar of Lugonu.
   418 | D        | Found a shadowy altar of Dithmenos.
   419 | D        | Found a radiant altar of Vehumet.
   419 | D        | Found a burning altar of Makhleb.
   419 | D        | Found a white marble altar of Elyvilon.
   420 | D        | Found a sparkling altar of Nemelex Xobeh.
   420 | D        | Found a blossoming altar of Fedhas.
   423 | D        | Noticed an ice dragon
   538 | D        | Noticed a death drake
   540 | D        | Noticed a death drake
   540 | D        | Noticed a crystal guardian
   564 | D        | Reached skill level 10 in Shields
   576 | D        | Killed a death drake
   577 | D        | Reached skill level 10 in Fighting
   577 | D        | Reached skill level 11 in Axes
   577 | D        | Reached skill level 1 in Dodging
   577 | D        | Reached XP level 9. HP: 23/62 MP: 9/9
   591 | D        | Killed a death drake
   592 | D        | Reached skill level 12 in Axes
   593 | D        | Killed from afar by a crystal guardian

Illustrated notes

Levels and vault maps discovered:
D:        the_violet_keep_of_menkaure [sprint2_stairs_cluster_1,
          sprint2_shoproom, sprint2_temple, sprint2_basic_supplies,
          sprint2_obstacle_4, sprint2_obstacle_3, sprint2_obstacle_2,
          sprint2_obstacle_7, sprint2_obstacle_6, sprint2_timed_cluster_1,
          sprint2_smallroom_cluster_1, sprint2_smallroom_final_cluster_1,
          sprint2_transparent_cluster_1, sprint2_second_timed_cluster_1,
          sprint2_sniper_area_1, sprint2_heavy_combat_area_1,
          sprint2_mutation_trap_area_1, sprint2_forest_area_1,
          sprint2_light_combat_area_1, sprint2_behind_water_1,
          sprint2_near_end_vault_1]

Skill      XL: |  1  2  3  4  5  6  7  8  9 |
---------------+----------------------------+-----
Fighting       | 5 6 7 8 9 10 | 10.4
Axes           | 3 4 5 7 9 11 12 | 12.3
Armour         | 5 6 7 8 9 |  9.8
Shields        | 5 6 7 8 9 10 | 10.8
Dodging        | 1 2 |  2.4

Action                   |  1- 3 |  4- 6 |  7- 9 || total
-------------------------+-------+-------+-------++-------
Melee: War axe           |     9 |    19 |    79 ||   107
  Use: Potion            |     1 |     3 |       ||     4
Armor: Scale mail        |     1 |     7 |    29 ||    37
Dodge: Dodged            |     5 |     9 |    17 ||    31
Block: Kite shield       |     2 |    11 |    48 ||    61

Table legend: (Time is in decaauts)
 A = Elapsed time spent in this place.
 B = Non-inter-level travel time spent in this place.
 C = Inter-level travel time spent in this place.
 D = Time resting spent in this place.
 E = Time spent auto-exploring this place.
 F = Levels seen in this place.
 G = Mean time per level.
                   A        B        C        D        E       F      G
               +--------+--------+--------+--------+--------+-----+--------+
         Total |    605 |    605 |      0 |    352 |      0 |   1 |  605.0 |
       Dungeon |    605 |    605 |      0 |    352 |      0 |   1 |  605.0 |
               +--------+--------+--------+--------+--------+-----+--------+

Top non-repeatable levels by time:
       D: 605 daAuts
